 Dungeon Sprint DCSS version 0.21-a0-216-g6d3fd91 (webtiles) character file.

13553 potatolord6000 the Fighter (level 11, -2/88 HPs)
             Began as a Demonspawn Fighter on Aug 23, 2017.
             Was an Initiate of Gozag.
             Slain by a purple draconian knight
             ... wielding a +0 great sword
              (6 damage)
             ... in the Dungeon (Sprint V: "Ziggurat Sprint").
             The game lasted 00:10:34 (1011 turns).

potatolord6000 the Fighter (Demonspawn Fighter)     Turns: 1011, Time: 00:10:35

Health: -2/88      AC: 41    Str: 32    XL:     11   Next: 77%
Magic:  11/11      EV:  9    Int:  9    God:    Gozag
Gold:   2383       SH: 32    Dex: 13    Spells: 10/10 levels left

rFire    . . .     SeeInvis .   c - +9 demon blade
rCold    + . .     Gourm    .   b - +18 shield of the Gong {rElec rN+ MR+ EV-5}
rNeg     + . .     Faith    .   a - +15 Maxwell's patent armour {-Cast -Tele rElec MR+ rCorr}
rPois    .         Spirit   .   E - +2 hat
rElec    +         Reflect  .   B - +2 cloak {MR+}
rCorr    +         Harm     .   o - +0 pair of gloves {archery}
MR       +++..     NoTele   +   (no boots) Stlth ..........NoCast +
                                G - amulet of regeneration
HPRegen  1.64/turn              C - +6 ring of strength
MPRegen  0.12/turn              D - +6 ring of strength

@: corroded, gold aura, studying Hexes
A: talons 1, yellow scales 2, cold resistance 1, deformed body, frail 1,
icemail, powered by death 2, freezing cloud immunity
a: Potion Petition, Call Merchant, Bribe Branch, Renounce Religion


You were in the Dungeon.
You worshipped Gozag.
Gozag was most pleased with you.
You were full.

You visited 1 branch You collected 6048 gold pieces.
You spent 301 gold pieces at shops.
You paid 3364 gold pieces to Gozag.

Inventory:

Hand Weapons
 c - a +9 demon blade (weapon)
Armour
 a - the +15 Maxwell's patent armour (worn) {-Cast -Tele rElec MR+ rCorr}
   (You found it in the Dungeon)

   It insulates you from electricity.
   It affects your resistance to hostile enchantments.
   It prevents spellcasting.
   It prevents most forms of teleportation.
   It protects you from acid and corrosion.
 b - the +18 shield of the Gong (worn) {rElec rN+ MR+ EV-5}
   (You found it in the Dungeon)

   It affects your evasion (-5).
   It insulates you from electricity.
   It protects you from negative energy.
   It affects your resistance to hostile enchantments.
 o - a +0 pair of gloves of archery (worn)
 y - a +5 crystal plate armour
 B - a +2 cloak of magic resistance (worn)
 E - a +2 hat (worn)
Jewellery
 C - a +6 ring of strength (left hand)
 D - a +6 ring of strength (right hand)
 G - an amulet of regeneration (around neck)
Scrolls
 k - 4 scrolls of blinking
 q - 4 scrolls of amnesia
 r - 3 scrolls of recharging
 s - 7 scrolls of fog
 t - 5 scrolls of identify
 u - 5 scrolls of remove curse
 v - 2 scrolls of fear
Potions
 d - 3 potions of might
 e - 10 potions of curing
 g - 9 potions of heal wounds
 h - 5 potions of haste
 i - 7 potions of magic
 j - 3 potions of berserk rage
 l - 2 potions of brilliance
 m - 2 potions of invisibility
 n - 4 potions of resistance
 p - 4 potions of agility
 z - a potion of mutation {unknown}
Books
 A - a manual of Hexes
Comestibles
 f - 5 bread rations
 w - 42 fruits
 x - 3 meat rations


   Skills:
 + Level 13.6 Fighting
 + Level 12.5 Long Blades
 + Level 12.6 Armour
 + Level 12.3 Dodging
 + Level 12.6 Shields


You had 10 spell levels left.
You didn't know any spells.

Dungeon Overview and Level Annotations

Branches:
Dungeon (1/1)

Altars:
Ashenzari
Cheibriados
Dithmenos
Elyvilon
Fedhas
Gozag
Hepliaklqana
Kikubaaqudgha
Makhleb
Nemelex Xobeh
Okawaru
Qazlal
Ru
Sif Muna
Trog
Uskayaw
Vehumet
Wu Jian
Xom
Yredelemnul
Zin
The Shining One
Beogh
Jiyva
Lugonu

Shops:
D ((*[

Annotations:
D 1 transporter


Innate Abilities, Weirdness & Mutations

You have sharp toenails.
You are mostly covered in yellow scales. (AC +3)
Your flesh is cold resistant. (rC+)
A meltable icy envelope protects you from harm. (AC +10)
You regenerate health from kills.
You are immune to freezing clouds.
Armour fits poorly on your strangely shaped body.
You are frail. (-10% HP)


Message History

You block the red draconian's attack.
GONNNNG!
The black draconian hits you but does no damage.
You block the purple draconian's attack.
BOUMMMMG!
You block the yellow draconian's attack.
SHROANNG!
You closely miss the green draconian.
You claw the green draconian, but do no damage.
The green draconian is lightly wounded.
You block the green draconian's attack.
GONNNNG!
You block the green draconian's attack.
GONNNNG!
You block the red draconian's attack.
PANG!
The white draconian hits you but does no damage.
Something hits you.
You die...
Your body crumbles into a pile of gold.

▓....©....
▓▓▓▓▓▓▓▓▓▓▓▓▓▓▓▓▓▓▓▓▓▓
▓...8©8...▓...8©8...▓.
▓..:.)[:|.▓..==)[)..▓.
▓..)=)[|..▓..}=})}..▓.
▓.........▓.........▓.
▓....d....▓.........▓.
▓...ddd...▓.........▓.
▓...d@{d..▓.........▓.
▓..▓ddd▓..▓.........▓.
▓.▓.....▓.▓.........▓.
▓....©....▓....©....▓▓
▓▓▓▓▓▓▓▓▓▓▓▓▓▓▓▓▓▓▓▓▓


You could see 2 draconians, a yellow draconian, 2 draconians, a purple
draconian, 2 draconians and a white draconian.

Vanquished Creatures
  Gastronok (D)
  A green draconian (D)
  2 death oozes (D)
  Erolcha (D)
  Harold (D)
  Erica (D)
  A sixfirhy (D)
  A spriggan druid (D)
  A glowing orange brain (D)
  2 cyclopes (D)
  A shining eye (D)
  3 merfolk (D)
  Grinder (D)
  4 slime creatures (D)
  A hornet (D)
  A hippogriff (D)
  Sigmund (D)
  3 spriggans (D)
  Eustachio (D)
  Grum (D)
  Edmund (D)
  Duvessa (D)
  A hell hound (D)
  A water moccasin (D)
  5 black bears (D)
  10 starcursed masses (D)
  2 wolves (D)
  Blork the orc (D)
  Dowan (D)
  A crimson imp (D)
  2 orc priests (D)
  A jelly (D)
  A quasit (D)
  Crazy Yiuf (D)
  Jessica (D)
  Ijyb (D)
  An iguana (D)
  An orc wizard (D)
  2 adders (D)
  2 white imps (D)
  An ooze (D)
  An adder skeleton (D)
  An adder zombie (D)
  An orc (D)
  2 jackals (D)
  2 ball pythons (D)
  A leopard gecko skeleton (D)
75 creatures vanquished.

Vanquished Creatures (others)
  3 azure jellies (D)
  3 death oozes (D)
  Josephine (D)
  Menkaure (D)
8 creatures vanquished.

Grand Total: 83 creatures vanquished

Notes
Turn   | Place    | Note
-------+----------+-------------------------------------------
     0 | D        | Found the +6 Majin-Bo {vamp, Archmagi MP+6 Int+6}
     0 | D        | potatolord6000 the Demonspawn Fighter began the quest for the Orb.
     0 | D        | Reached XP level 1. HP: 18/18 MP: 1/1
     2 | D        | Found a blossoming altar of Fedhas.
     3 | D        | Found a deep blue altar of Sif Muna.
     3 | D        | Found a sacrificial altar of Ru.
     3 | D        | Found a bloodstained altar of Trog.
     3 | D        | Found a stormy altar of Qazlal.
     3 | D        | Found an iron altar of Okawaru.
     3 | D        | Found a sparkling altar of Nemelex Xobeh.
     5 | D        | Found a transporter.
     5 | D        | Found an ancient bone altar of Kikubaaqudgha.
     5 | D        | Found a viscous altar of Jiyva.
     5 | D        | Found a corrupted altar of Lugonu.
     5 | D        | Found a hazy altar of Hepliaklqana.
     5 | D        | Found a burning altar of Makhleb.
     5 | D        | Found an opulent altar of Gozag.
    58 | D        | Found the +9 heavy crossbow "Sniper" {velocity, Acc+∞ SInv}
    58 | D        | Found the +10 dark maul {crush}
    58 | D        | Found the +15 Maxwell's patent armour {-Cast -Tele rElec MR+ rCorr}
    58 | D        | Found the +18 shield of the Gong {rElec rN+ MR+ EV-5}
    58 | D        | Found the cursed +14 obsidian axe {chop, +Fly SInv *Curse}
    59 | D        | Found the +6 shillelagh "Devastator" {shatter}
    59 | D        | Found the +11 plutonium sword {*Contam Stlth-}
    59 | D        | Found the +8 lance "Wyrmbane" {slay drac, rPois rF+ rC+ AC+3}
    59 | D        | Found the +9 sword of Zonguldrok {reap}
    59 | D        | Found the cursed +13 scythe of Curses {drain, *Curse}
    59 | D        | Found the +0 sword of Power
    59 | D        | Found the -3 mace of Variability {chaos}
    59 | D        | Found the +7 Singing Sword
    59 | D        | Found the +7 longbow "Piercer" {penet, EV-2}
    67 | D        | Killed Menkaure
   134 | D        | Became a worshipper of Gozag Ym Sagoz the Greedy
   145 | D        | Entered arena 2.
   145 | D        | Noticed a black bear
   145 | D        | Noticed a wolf
   145 | D        | Found a transporter.
   157 | D        | Reached skill level 4 in Fighting
   157 | D        | Gained mutation: Your flesh is cold resistant. (rC+) [demonic ancestry]
   157 | D        | Reached XP level 2. HP: 19/26 MP: 2/2
   159 | D        | Killed a wolf
   159 | D        | Reached skill level 5 in Fighting
   159 | D        | Gained mutation: You regenerate a little health from kills. [demonic ancestry]
   159 | D        | Reached XP level 3. HP: 23/33 MP: 3/3
   159 | D        | Reached XP level 4. HP: 28/39 MP: 4/4
   172 | D        | Killed a black bear
   172 | D        | Reached skill level 6 in Fighting
   172 | D        | Reached skill level 5 in Long Blades
   172 | D        | Reached skill level 5 in Armour
   172 | D        | Reached skill level 5 in Shields
   172 | D        | Gained mutation: You regenerate health from kills. [demonic ancestry]
   172 | D        | Reached XP level 5. HP: 35/46 MP: 5/5
   245 | D        | Entered arena 3.
   245 | D        | Found a transporter.
   268 | D        | Entered arena 4.
   268 | D        | Found a transporter.
   277 | D        | Reached skill level 5 in Dodging
   281 | D        | Gained mutation: You have sharp toenails. [demonic ancestry]
   281 | D        | Reached XP level 6. HP: 31/53 MP: 6/6
   382 | D        | Entered arena 5.
   382 | D        | Noticed a hell hound
   382 | D        | Found a transporter.
   392 | D        | Killed a hell hound
   392 | D        | Reached skill level 7 in Fighting
   411 | D        | Got the ring "Unkepn" {rF+ Stlth+}
   414 | D        | Entered arena 6.
   414 | D        | Noticed a water moccasin
   414 | D        | Found a transporter.
   417 | D        | Killed Josephine
   418 | D        | Killed a water moccasin
   427 | D        | Reached XP level 7. HP: 60/60 MP: 7/7
   456 | D        | Killed an azure jelly
   466 | D        | Entered arena 7.
   466 | D        | Noticed a merfolk
   466 | D        | Noticed a hippogriff
   466 | D        | Noticed a merfolk
   466 | D        | Noticed a cyclops
   466 | D        | Noticed a merfolk
   466 | D        | Noticed a cyclops
   474 | D        | Killed a merfolk
   474 | D        | Reached skill level 8 in Fighting
   476 | D        | Killed a hippogriff
   477 | D        | Found a transporter.
   481 | D        | Killed a merfolk
   481 | D        | Gained mutation: You are immune to freezing clouds. [demonic ancestry]
   481 | D        | Reached XP level 8. HP: 48/69 MP: 8/8
   485 | D        | Killed a cyclops
   485 | D        | Reached skill level 9 in Fighting
   493 | D        | Killed a merfolk
   498 | D        | Killed a cyclops
   498 | D        | Gained mutation: You are partially covered in yellow scales. (AC +2) [demonic ancestry]
   498 | D        | Reached XP level 9. HP: 78/78 MP: 9/9
   522 | D        | Entered arena 8.
   522 | D        | Noticed a sixfirhy
   522 | D        | Noticed a starcursed mass
   522 | D        | Killed a death ooze
   523 | D        | Found a transporter.
   532 | D        | Killed a sixfirhy
   532 | D        | Reached skill level 10 in Fighting
   532 | D        | Paralysed by accursed screaming for 2 turns
   538 | D        | Killed a starcursed mass
   560 | D        | Killed a starcursed mass
   597 | D        | Entered arena 9.
   597 | D        | Noticed Sigmund
   597 | D        | Noticed Jessica
   597 | D        | Noticed Blork the orc
   597 | D        | Noticed Crazy Yiuf
   597 | D        | Noticed Dowan
   597 | D        | Noticed Duvessa
   597 | D        | Noticed Edmund
   598 | D        | Found a transporter.
   604 | D        | Killed Edmund
   606 | D        | Killed Blork the orc
   609 | D        | Killed a death ooze
   613 | D        | Killed Duvessa
   614 | D        | Killed Dowan
   616 | D        | Killed Jessica
   616 | D        | Reached skill level 10 in Armour
   621 | D        | Killed Sigmund
   621 | D        | Reached skill level 10 in Shields
   631 | D        | Killed Crazy Yiuf
   663 | D        | Bought a +2 cloak of magic resistance for 301 gold pieces
   686 | D        | Entered arena 10.
   686 | D        | Noticed Erica
   686 | D        | Noticed Erolcha
   686 | D        | Noticed Eustachio
   686 | D        | Noticed Gastronok
   686 | D        | Noticed Grum
   686 | D        | Noticed Grinder
   686 | D        | Noticed Harold
   686 | D        | Noticed Ijyb
   687 | D        | Found a transporter.
   690 | D        | Killed Grinder
   690 | D        | Reached skill level 11 in Fighting
   690 | D        | Reached skill level 10 in Long Blades
   690 | D        | Gained mutation: You are mostly covered in yellow scales. (AC +3) [demonic ancestry]
   690 | D        | Reached XP level 10. HP: 77/87 MP: 10/10
   695 | D        | Killed Erica
   695 | D        | Reached skill level 10 in Dodging
   696 | D        | Killed an azure jelly
   699 | D        | Killed Erolcha
   707 | D        | Killed Grum
   716 | D        | Killed Gastronok
   716 | D        | Reached skill level 12 in Fighting
   731 | D        | Killed Harold
   731 | D        | Gained mutation: A meltable icy envelope protects you from harm. (AC +10) [demonic ancestry]
   731 | D        | Reached XP level 11. HP: 54/96 MP: 11/11
   734 | D        | Killed Ijyb
   750 | D        | Killed Eustachio
   799 | D        | Entered arena 11.
   799 | D        | Noticed a spriggan rider
   799 | D        | Noticed a spriggan druid
   800 | D        | Found a transporter.
   804 | D        | Killed a spriggan druid
   808 | D        | Killed an azure jelly
   809 | D        | Killed a death ooze
   875 | D        | Entered arena 12.
   875 | D        | Noticed a death ooze
   876 | D        | Noticed a glowing orange brain
   876 | D        | Noticed a shining eye
   876 | D        | Noticed a death ooze
   877 | D        | Found a transporter.
   882 | D        | Killed a death ooze
   882 | D        | Reached skill level 13 in Fighting
   889 | D        | Killed a death ooze
   902 | D        | Gained mutation: Armour fits poorly on your strangely shaped body. [a shining eye]
   905 | D        | Killed a glowing orange brain
   917 | D        | Gained mutation: You are frail. (-10% HP) [a shining eye]
   918 | D        | Killed a shining eye
   976 | D        | Entered arena 13.
   976 | D        | Noticed a white draconian
   976 | D        | Noticed a green draconian
   976 | D        | Noticed a purple draconian knight
   976 | D        | Noticed a black draconian
   976 | D        | Noticed a red draconian
   977 | D        | Noticed a green draconian
   977 | D        | Noticed a black draconian
   977 | D        | Noticed a green draconian
   977 | D        | Noticed a purple draconian
   977 | D        | Noticed a red draconian
   977 | D        | Noticed a yellow draconian
   978 | D        | Found a transporter.
  1007 | D        | HP: 3/88 [purple draconian/battleaxe (4)]
  1008 | D        | Killed a green draconian
  1011 | D        | Slain by a purple draconian knight

Vault maps used:
D:        sprint_v

Skill      XL: |  1  2  3  4  5  6  7  8  9 10 11 |
---------------+----------------------------------+-----
Fighting       | 4 5 6 7 8 9 11 12 13 | 13.6
Long Blades    | 3 4 5 6 7 8 10 11 12 | 12.5
Armour         | 4 5 6 7 9 10 11 12 | 12.6
Dodging        | 2 3 4 5 6 7 8 9 11 12 | 12.3
Shields        | 4 5 6 7 9 10 11 12 | 12.6

Action                   |  1- 3 |  4- 6 |  7- 9 | 10-12 || total
-------------------------+-------+-------+-------+-------++-------
Melee: Demon blade       |    12 |    54 |    70 |   148 ||   284
       Kick              |       |     8 |    25 |    75 ||   108
Invok: Call Merchant     |       |       |     4 |       ||     4
  Use: Potion            |     3 |       |     6 |       ||     9
       Scroll            |       |       |     4 |       ||     4
  Eat: Meat ration       |       |       |       |     1 ||     1
Armor: Plate armour      |    29 |    32 |    28 |   183 ||   272
Dodge: Dodged            |     1 |     6 |    15 |    65 ||    87
Block: Shield            |    41 |   108 |   113 |   408 ||   670
       Rpst.: Demon blade |       |     1 |     3 |    10 ||    14

Table legend:
 A = Spawn XP
 B = Non-spawn XP
 C = Spawn XP percentage of total XP
 D = Spawn monster count
 E = Non-spawn monster count
 F = Spawn count percentage of total count
 G = Total turns spent on level
                    A         B        C        D         E        F      G
               +---------+---------+-------+---------+---------+-------+---------
         Total |     215 |   19135 |   1.1 |       1 |      74 |   1.3 |  1011
               +---------+---------+-------+---------+---------+-------+---------
             D |     215 |   19135 |   1.1 |       1 |      74 |   1.3 |  1011
               +---------+---------+-------+---------+---------+-------+---------
